 Dungeon Crawl Stone Soup version 0.30-a0-377-g5cb311bc9f (webtiles) character file.

Game seed: 5383937718544937121

111 Ottie3000 the Covered (level 4, -3/40 HPs)
             Began as a Minotaur Fighter on Nov 29, 2022.
             Slain by Sigmund
             ... wielding a +2 scythe of protection
              (9 damage)
             ... on level 2 of the Dungeon on Nov 30, 2022.
             The game lasted 00:13:00 (1816 turns).

Ottie3000 the Covered (Minotaur Fighter)            Turns: 1816, Time: 00:13:00

Health: -3/40      AC: 11    Str: 22    XL:     4   Next: 62%
Magic:  3/3        EV:  9    Int:  5    God:
Gold:   48         SH:  4    Dex: 10    Spells: 3/3 levels left

rFire   . . .      SeeInvis .    a - +0 war axe
rCold   . . .      Faith    .    c - +0 buckler
rNeg    . . .      Spirit   .    b - +0 scale mail
rPois   .          Reflect  .    (helmet restricted)
rElec   .          Harm     .    g - +2 cloak
rCorr   .          Rampage  .    (no gloves)
Will    .....                    m - +0 pair of boots
Stlth   ..........               (no amulet)
HPRegen 0.26/turn                (no ring)
MPRegen 0.08/turn                (no ring)

@: mighty
A: horns 2, retaliatory headbutt
a: no special abilities


You were on level 2 of the Dungeon.
You visited 1 branch of the dungeon, and saw 2 of its levels.

You collected 48 gold pieces.

Inventory:

Hand Weapons
 a - a +0 war axe (weapon)
 l - a +1 vorpal mace
Missiles
 e - 6 silver javelins (quivered)
Armour
 b - a +0 scale mail (worn)
 c - a +0 buckler (worn)
 g - a +2 cloak (worn)
 m - a +0 pair of boots (worn)
Scrolls
 f - a scroll of poison {unknown}
 h - 2 scrolls of immolation {unknown}
 i - a scroll of teleportation {unknown}
 j - a scroll of identify {unknown}
Potions
 d - a potion of might
 k - 2 potions of heal wounds {unknown}
 n - a potion of invisibility {unknown}


   Skills:
 + Level 4.0 Fighting
 + Level 4.2 Axes
 + Level 1.2 Throwing
 + Level 4.6 Armour
 + Level 0.1 Dodging
 + Level 4.0 Shields


You had 3 spell levels left.
You didn't know any spells.
Your spell library was empty.

Dungeon Overview and Level Annotations

Branches:
Dungeon (2/15)

Altars:
Dithmenos

Annotations:
D:2 Sigmund


Innate Abilities, Weirdness & Mutations

You have a pair of horns on your head.
You reflexively headbutt those who attack you in melee.


Message History

Something tries to affect you, but you resist.
Something hits you. The frilled lizard barely misses you.
Found 11 gold pieces.
The frilled lizard bites you but does no damage.
You hear some strange, mumbled words.
You are confused.
You miss the frilled lizard. The frilled lizard barely misses you.
Something hits you but does no damage.
The frilled lizard bites you but does no damage.
You bump into the rock wall.
Something hits you.
The frilled lizard bites you but does no damage.
You closely miss the frilled lizard.
The frilled lizard bites you but does no damage.
Something hits you but does no damage.
You barely miss the frilled lizard. The frilled lizard closely misses you.
You closely miss the frilled lizard.
You feel less confused. Something hits you.
The frilled lizard closely misses you.
The frilled lizard bites you but does no damage.
You hit the frilled lizard.
Your headbutt misses the frilled lizard.
The frilled lizard is heavily wounded.
Something hits you. The frilled lizard bites you.
You hit the frilled lizard.
You kill the frilled lizard!
Something hits you.
You hear some strange, mumbled words.
Something tries to affect you, but you resist.
You see here a frilled lizard corpse.
There is a strange disturbance nearby!
You feel very mighty all of a sudden. Something hits you but does no damage.
Something hits you.
* * * LOW HITPOINT WARNING * * *
A magic dart appears from out of thin air!
The magic dart hits you.
* * * LOW HITPOINT WARNING * * *
You start resting.
Something hits you!
You die...

##...........
............# ######
.........##.### #.....
$..............# ##.....
####..............#
#......
.................#
#...... #.....###.......#
#...... #.....###.#####.#
#...... #.....#.@.#
#.###...... #.....#.####
#.#........
#....†.....####.##.......
##.>.....................
####......####......####
#......# #####..#
#........# #..#
#.......$# #.†#
.........# ##.####


There were no monsters in sight!

Vanquished Creatures
  Jessica (D:2)
  Terence (D:2)
  A worm (D:2)
  A dart slug (D:1)
  5 endoplasms
  2 giant cockroaches
  7 goblins
  3 hobgoblins
  8 jackals
  2 quokkas (D:2)
  3 ball pythons (D:1)
  4 bats
  4 frilled lizards
  4 kobolds
  2 rats (D:1)
48 creatures vanquished.

Notes
Turn   | Place    | Note
-------+----------+-------------------------------------------
     0 | D:1      | Ottie3000 the Minotaur Fighter began the quest for the Orb.
     0 | D:1      | Reached XP level 1. HP: 19/19 MP: 0/0
   293 | D:1      | Reached XP level 2. HP: 27/27 MP: 1/1
   900 | D:1      | Reached XP level 3. HP: 30/33 MP: 2/2
  1515 | D:2      | Noticed Terence
  1523 | D:2      | Killed Terence
  1524 | D:2      | Reached skill level 1 in Throwing
  1524 | D:2      | Reached XP level 4. HP: 34/40 MP: 3/3
  1558 | D:2      | Found a faded altar of an unknown god.
  1558 | D:2      | Noticed Jessica
  1564 | D:2      | Killed Jessica
  1637 | D:2      | Found a shadowy altar of Dithmenos.
  1795 | D:2      | Noticed Sigmund
  1816 | D:2      | Slain by Sigmund

Illustrated notes

Levels and vault maps discovered:
D:1:      sevenhm_arrival_forest_fort_small_3, layout_basic
D:2:      layout_basic, chequers_ecumenical_altar_island, basic_altar,
          uniq_jessica, uniq_terence, uniq_sigmund

Skill      XL: |  1  2  3  4 |
---------------+-------------+-----
Fighting       | 4 |  4.0
Armour         | 4 |  4.6
Axes           | 3 4 |  4.2
Throwing       | 1 |  1.2
Shields        | 4 |  4.0
Dodging        | |  0.1

Action                   |  1- 3 |  4- 6 || total
-------------------------+-------+-------++-------
Melee: War axe           |    78 |    24 ||   102
       Headbutt          |     7 |     1 ||     8
Throw: Javelin           |     1 |       ||     1
  Use: Potion            |       |     1 ||     1
Armor: Scale mail        |    65 |    19 ||    84
Dodge: Dodged            |    73 |    12 ||    85
Block: Buckler           |    29 |     2 ||    31

Table legend: (Time is in decaauts)
 A = Elapsed time spent in this place.
 B = Non-inter-level travel time spent in this place.
 C = Inter-level travel time spent in this place.
 D = Time resting spent in this place.
 E = Time spent auto-exploring this place.
 F = Levels seen in this place.
 G = Mean time per level.
                   A        B        C        D        E       F      G
               +--------+--------+--------+--------+--------+-----+--------+
         Total |   1869 |   1869 |      0 |     66 |      0 |   2 |  934.5 |
       Dungeon |   1869 |   1869 |      0 |     66 |      0 |   2 |  934.5 |
               +--------+--------+--------+--------+--------+-----+--------+

Top non-repeatable levels by time:
     D:1: 1370 daAuts
     D:2: 499 daAuts
